Map: Glittering Ashes LE

Players

cure - Winner!

  • Race: Terran Terran

Astrea

  • Race: Protoss Protoss
  • League: Master

Event: TSL 8

VOD

Have the link to the VOD?

Description

Time

  • Played on: Nov. 28, 2021, 11:05 a.m.
  • Length: 10:31

All games in this series

Show
View Real Time Build Order
Export as new Build Order

cure Terran - Winner!

Build Orders:  

Get SALT Encoding   

  12  0:00  SCV  
  13  0:12  SCV  
  14  0:17  Supply Depot  
  14  0:24  SCV  
  15  0:39  SCV  
  15  0:40  Barracks  
  15  0:42  Refinery  
  16  0:51  SCV  
  17  1:03  SCV  
  18  1:15  SCV  
  19  1:27  Marine, Orbital Command  
  20  1:39  Command Center  
  20  1:50  Factory  
  20  1:54  SCV  
  21  2:02  Barracks Reactor  
  21  2:06  SCV  
  22  2:09  Supply Depot  
  22  2:18  SCV, Refinery  
  23  2:31  SCV  
  24  2:39  Starport  
  24  2:44  Hellion x2, SCV  
  28  2:46  Marine  
  30  2:56  SCV, Orbital Command  
  33  3:05  Marine  
  33  3:06  Widow Mine x2  
  33  3:08  SCV  
  37  3:17  Medivac  
  37  3:18  Supply Depot  
  39  3:22  SCV  
  39  3:23  SCV  
  41  3:28  Widow Mine  
  41  3:29  Widow Mine  
  41  3:32  Barracks Tech Lab  
  45  3:35  Refinery  
  45  3:38  SCV  
  45  3:40  SCV  
  43  3:48  Supply Depot, Bunker  
  43  3:50  SCV  
  44  3:56  SCV, Starport Tech Lab  
  44  4:00  Marine x2  
  47  4:03  SCV, Siege Tank  
  47  4:08  SCV  
  52  4:15  SCV  
  53  4:18  Marine x2, Barracks  
  53  4:22  Raven  
  53  4:23  SCV  
  58  4:27  SCV  
  59  4:36  SCV  
  59  4:37  Marine x2  
  62  4:39  SCV  
  62  4:41  Siege Tank  
  62  4:43  Supply Depot  
  62  4:47  Engineering Bay  
  62  4:50  SCV  
  62  4:52  SCV  
  64  4:55  Marine x2  
  66  5:02  Supply Depot, SCV  
  66  5:04  Supply Depot, SCV  
  68  5:11  Barracks  
  68  5:13  Stimpack  
  68  5:17  SCV  
  68  5:18  SCV  
  68  5:20  Terran Infantry Weapons Level 1  
  70  5:22  Starport Reactor  
  70  5:26  Marauder  
  72  5:29  Marine x2  
  72  5:33  Refinery  
  74  5:36  Siege Tank  
  74  5:40  SCV x2  
  79  5:43  Supply Depot  
  79  5:52  Marauder, Marine x2  
  81  5:58  SCV x2  
  81  6:06  Medivac x2  
  81  6:08  Supply Depot  
  83  6:13  Combat Shield  
  83  6:16  Marauder x2, Marine x2  
  83  6:18  Factory Reactor  
  89  6:30  Command Center  
  89  6:33  SCV  
  89  6:34  SCV  
  89  6:35  Barracks  
  89  6:38  Barracks  
  89  6:39  Marauder  
  93  6:40  Marine  
  93  6:41  Marine  
  93  6:43  Marauder  
  97  6:47  Supply Depot  
  97  6:50  SCV x2  
  94  7:03  Marine x2  
  94  7:04  Marauder, Medivac x2  
  94  7:05  Marauder  
  104  7:12  Widow Mine x2  
  104  7:15  SCV x2  
  110  7:18  Terran Infantry Armor Level 1  
  110  7:29  Marauder x2, Barracks Tech Lab, Marine x2  
  116  7:30  Barracks Reactor  
  116  7:31  SCV x2  
  116  7:33  Concussive Shells  
  118  7:43  SCV x2  
  120  7:46  Orbital Command  
  120  7:49  Supply Depot  
  120  7:50  Supply Depot  
  120  7:52  Medivac x2  
  120  7:54  Widow Mine  
  120  7:55  SCV x2  
  124  8:10  Marauder x2, Marine x3  
  124  8:11  Marauder, Widow Mine, Marine  
  136  8:13  Supply Depot  
  136  8:14  Supply Depot  
  129  8:23  SCV x2  
  129  8:24  Orbital Command  
  130  8:32  Marauder x3, Marine x4  
  134  8:39  Widow Mine x2, Medivac x2  
  129  8:42  SCV x2  
  119  8:50  Marine x3  
  119  8:52  SCV  
  119  8:53  Marauder  
  119  8:54  SCV  
  119  8:55  SCV  
  125  9:02  Widow Mine x2  
  119  9:04  SCV  
  119  9:07  SCV  
  119  9:08  SCV  
  122  9:13  Marauder x2, Marine x4  
  122  9:14  Marauder  
  122  9:16  SCV  
  129  9:30  Marine x2  
  129  9:31  Medivac, Marine x2  
  120  9:34  Marauder x2  
  120  9:35  Widow Mine x2  
  128  9:38  Medivac  
  128  9:42  SCV  
  128  9:43  SCV x2  
  133  9:47  Ghost Academy  
  133  9:48  Refinery  
  133  9:56  Marauder, Marine x4  
  133  9:57  Marauder x2  
Show
View Real Time Build Order
Export as new Build Order

Astrea Protoss 

Build Orders: 1 Gate Expand, Blink Stalkers, Colossus Rush 

Get SALT Encoding   

  12  0:00  Probe  
  13  0:12  Probe  
  14  0:16  Pylon  
  14  0:24  Probe (Chrono Boost)  
  15  0:36  Gateway, Probe (Chrono Boost)  
  16  0:44  Probe (Chrono Boost)  
  16  0:45  Assimilator  
  17  0:51  Probe  
  18  1:03  Probe  
  19  1:15  Probe  
  20  1:23  Cybernetics Core  
  20  1:30  Nexus  
  20  1:33  Probe  
  21  1:41  Pylon  
  21  1:45  Probe (Chrono Boost)  
  22  1:51  Assimilator  
  21  1:57  Probe (Chrono Boost)  
  21  1:59  Adept  
  21  2:00  Warp Gate  
  24  2:03  Probe (Chrono Boost)  
  25  2:13  Probe (Chrono Boost)  
  26  2:19  Probe (Chrono Boost)  
  27  2:24  Twilight Council  
  27  2:27  Probe  
  28  2:33  Stalker  
  30  2:42  Probe (Chrono Boost)  
  32  2:44  Probe (Chrono Boost)  
  32  2:50  Gateway  
  33  2:51  Probe (Chrono Boost)  
  33  2:54  Probe (Chrono Boost)  
  33  2:56  Probe (Chrono Boost)  
  34  3:01  Blink (Chrono Boost)  
  34  3:04  Probe  
  36  3:08  Probe  
  36  3:11  Stalker  
  39  3:16  Probe  
  40  3:20  Probe  
  40  3:23  Pylon  
  41  3:31  Pylon  
  41  3:32  Pylon  
  41  3:33  Probe  
  42  3:36  Probe  
  41  3:46  Probe (Chrono Boost)  
  41  3:48  Robotics Facility  
  39  3:50  Stalker x2  
  44  3:57  Probe (Chrono Boost)  
  44  3:58  Probe (Chrono Boost)  
  44  4:01  Assimilator  
  45  4:03  Probe (Chrono Boost)  
  45  4:04  Probe (Chrono Boost)  
  45  4:05  Assimilator  
  47  4:13  Pylon  
  47  4:16  Probe (Chrono Boost)  
  49  4:17  Probe (Chrono Boost)  
  49  4:21  Stalker x2  
  54  4:24  Probe (Chrono Boost)  
  54  4:31  Probe  
  54  4:32  Probe  
  47  4:44  Observer, Probe (Chrono Boost)  
  45  4:46  Probe (Chrono Boost)  
  45  4:56  Probe (Chrono Boost)  
  45  4:59  Probe (Chrono Boost), Sentry  
  49  5:01  Probe (Chrono Boost)  
  49  5:03  Nexus  
  50  5:07  Probe  
  50  5:10  Probe  
  50  5:12  Robotics Bay  
  52  5:18  Pylon  
  53  5:22  Probe (Chrono Boost)  
  53  5:23  Probe (Chrono Boost)  
  54  5:31  Pylon  
  54  5:34  Probe (Chrono Boost)  
  56  5:36  Probe (Chrono Boost)  
  56  5:38  Probe (Chrono Boost)  
  57  5:44  Probe  
  57  5:49  Probe  
  59  5:56  Colossus (Chrono Boost), Probe  
  60  6:01  Probe  
  66  6:07  Extended Thermal Lance  
  66  6:08  Probe  
  66  6:10  Charge  
  67  6:13  Probe  
  67  6:15  Observer  
  68  6:18  Probe  
  68  6:20  Probe (Chrono Boost), Sentry  
  68  6:24  Observer  
  68  6:25  Gateway x2  
  73  6:28  Probe (Chrono Boost)  
  73  6:29  Sentry  
  73  6:30  Shield Battery  
  73  6:31  Probe (Chrono Boost)  
  77  6:38  Probe (Chrono Boost)  
  77  6:40  Colossus (Chrono Boost), Probe (Chrono Boost)  
  77  6:41  Probe (Chrono Boost)  
  77  6:45  Probe (Chrono Boost)  
  84  6:48  Probe  
  84  6:49  Probe, Pylon  
  86  7:00  Probe  
  85  7:02  Zealot x2  
  85  7:06  Gateway  
  85  7:07  Pylon  
  89  7:19  Sentry  
  89  7:22  Nexus  
  91  7:23  Zealot  
  91  7:24  Zealot x2  
  97  7:33  Warp Prism (Chrono Boost)  
  99  7:43  Pylon  
  99  7:45  Pylon  
  99  7:48  Zealot x4, Pylon  
  99  7:50  Pylon  
  107  8:03  Forge  
  107  8:08  Zealot x5  
  117  8:21  Pylon x2  
  117  8:32  Stalker x2  
  115  8:36  Probe  
  102  8:43  Zealot x3  
  102  8:44  Probe  
  77  9:05  Zealot x5  
  77  9:30  Stalker x4  
  81  9:42  Nexus  
  81  9:49  Templar Archives  
  81  9:52  Shield Battery  
  81  9:55  Sentry x2  
  81  9:57  Stalker  
Tags
 
Add a new tag
Caveats
  • Supply blocks, unpowered buildings, or Contaminate may cause inaccurate times.
  • Supply counts are checked every 10 seconds.